 Dungeon Crawl Stone Soup version 0.22-a0-3-g4fa69d9 (webtiles) character file.

109757 Lanoc the Brawler (level 16, -2/158 HPs)
             Began as a Troll Monk on Jan 2, 2018.
             Was the Champion of Yredelemnul.
             Killed from afar by a deep elf knight (42 damage)
             ... with a shard of ice
             ... on level 2 of the Elven Halls.
             The game lasted 01:37:44 (23323 turns).

Lanoc the Brawler (Troll Monk)                     Turns: 23323, Time: 01:37:44

Health: -2/158     AC: 18    Str: 23    XL:     16   Next: 5%
Magic:  20/31      EV: 12    Int:  6    God:    Yredelemnul [******]
Gold:   2346       SH: 13    Dex: 17    Spells: 15/15 levels left

rFire    + + .     SeeInvis .     - Unarmed
rCold    x . .     Gourm    +   z - +0 shield (curse)
rNeg     . . .     Faith    .   H - +0 fire dragon scales
rPois    .         Spirit   .   e - +2 hat
rElec    .         Reflect  +   (no cloak)
rCorr    .         Harm     .   (gloves unavailable)
MR       +....                  (boots unavailable)
Stlth    ..........             A - +3 amulet of reflection
HPRegen  0.76/turn              l - +6 ring of slaying
MPRegen  0.22/turn              E - ring of magical power

@: about to teleport
A: large, unfitting armour, claws 3, horns 1, slimy green scales 1, fast
metabolism 3, gourmand, regeneration 1, shaggy fur 1, tough skin 2
a: Recall Undead Slaves, Injury Mirror, Animate Dead, Drain Life, Enslave Soul,
Renounce Religion


You were on level 2 of the Elven Halls.
You worshipped Yredelemnul.
Yredelemnul was exalted by your worship.
You were very full.

You visited 4 branches of the dungeon, and saw 25 of its levels.
You visited 1 bazaar.
You also visited: Labyrinth, Sewer and Ossuary.

You collected 2376 gold pieces.
You spent 30 gold pieces at shops.

Inventory:

Hand Weapons
 Q - the +1 spear of Ashenzari's Vengeance {pierce, +Fly Str+5}
   (You found it on level 10 of the Dungeon)

   It inflicts extra damage upon your enemies.
   It affects your strength (+5).
   It lets you fly.
Armour
 e - a +2 hat (worn)
 z - a cursed +0 shield (worn)
 H - +0 fire dragon scales (worn)
Jewellery
 l - a +6 ring of slaying (left claw)
 A - a +3 amulet of reflection (around neck)
 E - a ring of magical power (right claw)
 R - an uncursed ring of protection from fire
 U - an uncursed ring of resist corrosion
Wands
 w - a wand of iceblast (11)
 y - a wand of scattershot (4)
 B - a wand of digging (21)
 M - a wand of acid (10)
 N - a wand of disintegration (15)
 S - a wand of flame (11)
 X - a wand of enslavement (18)
 Z - a wand of clouds (4)
Scrolls
 a - 6 scrolls of identify
 g - 7 scrolls of teleportation
 h - 5 scrolls of fog
 k - 10 scrolls of remove curse
 n - 4 scrolls of amnesia
 q - 4 scrolls of immolation
 x - 5 scrolls of enchant weapon
 C - 3 scrolls of random uselessness {unknown}
 G - 2 scrolls of magic mapping
 I - 3 scrolls of enchant armour
 K - 2 scrolls of fear
 P - a scroll of silence
 Y - a scroll of summoning
Potions
 c - a potion of flight
 d - 7 potions of lignification
 f - 5 potions of brilliance
 j - 3 potions of invisibility
 o - 2 potions of resistance
 p - 4 potions of haste
 r - 3 potions of ambrosia
 t - 2 potions of might
 u - 2 potions of berserk rage
 v - 5 potions of heal wounds
 D - 4 potions of curing
 F - a potion of cancellation
 J - a potion of mutation
 L - 2 potions of magic
 O - 3 potions of agility
Books
 m - a book of Cantrips

   Spells                             Type                      Level
   a - Confusing Touch                Hexes                        1
   b - Animate Skeleton               Necromancy                   1
   c - Summon Small Mammal            Summoning                    1
   d - Apportation                    Translocation                1
 s - a book of the Warp

   Spells                             Type                      Level
   a - Gell's Gravitas                Translocation                3
   b - Portal Projectile              Hexes/Translocation          3
   c - Force Lance                    Conjuration/Translocation    4
   d - Dispersal                      Translocation                6
   e - Controlled Blink               Translocation                8
   f - Disjunction                    Translocation                8
Miscellaneous
 V - a crystal ball of energy
Comestibles
 b - 33 rations
 i - 4 chunks of flesh


   Skills:
 + Level 10.0 Fighting
 + Level 9.4 Throwing
 + Level 8.6 Armour
 + Level 10.1 Dodging
 - Level 1.0 Stealth
 + Level 4.3 Shields
 * Level 15.6 Unarmed Combat
 + Level 10.3 Invocations


You had 15 spell levels left.
You didn't know any spells.

Dungeon Overview and Level Annotations

Branches:
Dungeon (15/15)            Temple (0/1) D:4            Lair (6/6) D:10
  Swamp (0/4) Lair:3        Snake (0/4) Lair:2        Slime (0/5) Lair:6
    Orc (2/2) D:10            Elf (2/3) Orc:2        Depths (0/5) D:15
 Vaults: D:13-14

Altars:
Ashenzari
Elyvilon
Fedhas
Hepliaklqana
Kikubaaqudgha
Ru
Xom
Yredelemnul
Beogh

Shops:
Orc:1 }:(   Orc:2 [*(=   Elf:1 *   Elf:2 [

Portals:
Trove: D:10 (give +6 demon trident)

Annotations:
D:14 exclusion: orange crystal statue
Elf:2 Louise


Innate Abilities, Weirdness & Mutations

You are too large for most types of armour.
You have claws for hands.
Your metabolism is lightning-fast.
You like to eat raw meat.
Your natural rate of healing is unusually fast.
You are covered in fur. (AC +1)
You have very tough skin. (AC +2)
You have a pair of small horns on your head.
You are partially covered in slimy green scales. (AC +2)


Message History

The antimagic halberd falls from the air.
Yredelemnul accepts your kill.
You hear some strange, mumbled words.
A shard of ice appears from out of thin air!
The shard of ice reflects off an invisible shield around you!
Something blocks the shard of ice.
Something hits you!
* * * LOW HITPOINT WARNING * * *
Something hits you!
* * * LOW HITPOINT WARNING * * *
As you read the scroll of teleportation, it crumbles to dust.
You feel strangely unstable. Something hits you but does no damage.
You are electrocuted!
* * * LOW HITPOINT WARNING * * *
You feel much better. Something hits you but does no damage.
You hear some strange, mumbled words.
A shard of ice appears from out of thin air!
The shard of ice hits you!
You feel a painful chill!
You die...
Your body rises from the dead as a mindless zombie.

..............(...........
............)(............
..............)..........s
........................@.
.........)...@...........s
.........))...............
#.......).).........#....
##.................###...
##.....@.........## ##..
##................. #...
#.......).......... #....
..........................
...##.....###.....##...##.
#.# ##.#.''#++.#.####.# #
#####...### # ## ##'#'##
#..#..##


You could see Louise.

Vanquished Creatures
  A deep elf sorcerer (Elf:2)
  An orc warlord (Orc:2)
  2 deep elf annihilators (Elf:1)
  A minotaur (Lab)
  A slime creature (D:12)
  A deep elf high priest (Elf:1)
  An ogre mage (D:15)
  A hydra (D:13)
  Fannar (D:11)
  3 centaur warriors
  9 dancing weapons
  5 two-headed ogres
  4 orc high priests
  Nergalle (Lair:3)
  9 deep elf knights
  2 unseen horrors
  2 wizards (D:15)
  3 deep elf archers (Elf:1)
  28 deep elf magi
  5 orc sorcerers
  6 orc knights
  3 oklob plants (Lair:5)
  An ugly thing (D:13)
  A cyclops (D:15)
  4 elephants (Lair:4)
  A naga mage (D:15)
  8 black mambas
  A torpor snail (Lair:4)
  A centaur skeleton (D:13)
  9 spiny frogs
  3 kobold demonologists
  11 komodo dragons
  A rime drake (Lair:4)
  2 tengu conjurers (D:15)
  An efreet (D:13)
  A minotaur zombie (Lab)
  A redback zombie (D:15)
  5 meliai
  2 yaktaurs (D:12)
  2 trolls
  A polar bear (Lair:5)
  A blink frog (shapeshifter) (D:13)
  15 blink frogs
  7 hippogriffs
  A wraith (D:12)
  2 water elementals (Elf:1)
  2 shadows
  4 wyverns
  2 steam dragons
  2 fire elementals
  12 yaks
  A vampire mosquito (D:13)
  2 hungry ghosts
  Menkaure (D:7)
  2 wargs
  3 nagas (Lair:2)
  9 water moccasins
  3 hell hounds (Lair:6)
  10 porcupines
  Purgy (Sewer)
  27 orc warriors
  3 ice beasts
  6 sky beasts
  2 black bears (D:10)
  16 wolves
  10 ogres
  11 centaurs
  12 crocodiles
  2 big kobolds
  20 bullfrogs
  A wyvern zombie (D:12)
  3 water moccasin zombies (Ossuary)
  7 scorpions
  A water moccasin skeleton (D:12)
  4 killer bees (D:9)
  7 wights
  An electric eel (Lair:2)
  9 howler monkeys
  6 crimson imps
  2 lava snakes (Lair:6)
  2 bullfrog zombies
  2 centaur zombies
  4 hounds
  4 jellies
  19 orc priests
  A bullfrog skeleton (D:13)
  28 orc wizards
  An iguana (D:8)
  Terence (D:3)
  Natasha (twice) (D:4)
  19 worker ants
  4 big kobold zombies (Ossuary)
  A hound skeleton (D:7)
  2 mummies (Ossuary)
  A howler monkey zombie (D:11)
  A gnoll (D:1)
  10 adders
  A howler monkey skeleton (D:8)
  4 shadow imps
  An ooze (D:5)
  3 adder zombies (Ossuary)
  2 worms (D:3)
  A dart slug (D:1)
  7 leopard geckos
  80 orcs
  3 ball pythons
  8 giant cockroaches
  A gnoll zombie (Ossuary)
  7 goblins
  15 hobgoblins
  17 jackals
  11 kobolds
  5 quokkas
  12 bats
  6 frilled lizards
  A giant cockroach zombie (D:3)
  A goblin zombie (D:5)
  5 hobgoblin zombies (Ossuary)
  A jackal skeleton (D:4)
  7 kobold zombies (Ossuary)
  4 orc zombies (Ossuary)
  A quokka skeleton (D:4)
  A quokka zombie (D:5)
  10 rats
  A spectral orc (D:2)
  A plant (Lair:5)
695 creatures vanquished.

Vanquished Creatures (collateral kills)
  A deep elf sorcerer (Elf:1)
  A fire dragon (Lair:6)
  Josephine (D:11)
  The ghost of braks the Lord of Darkness, a journeyman DsNe of Kikubaaqudgha (Lair:3)
  2 hydras
  A catoblepas (Lair:6)
  5 two-headed ogres
  A tengu warrior (D:13)
  14 dancing weapons
  8 deep elf knights
  Sonja (D:15)
  A lindwurm (Lair:6)
  4 deep elf archers
  18 deep elf magi
  A slime creature (D:12)
  An elephant (Lair:4)
  A black mamba (Lair:6)
  3 molten gargoyles (Lair:6)
  A centaur skeleton (D:13)
  A gargoyle (D:13)
  3 komodo dragons
  A spiny frog (Lair:6)
  3 yaktaurs
  A kobold demonologist (D:13)
  A troll (Orc:2)
  A meliai (D:15)
  A troll (shapeshifter) (D:13)
  4 hippogriffs
  6 blink frogs
  A water elemental (D:14)
  7 yaks
  A shadow (D:11)
  2 wyverns (Lair:6)
  4 wraiths (D:11)
  A basilisk (Lair:6)
  A vampire mosquito (D:13)
  A warg (Orc:2)
  A steam dragon (D:11)
  A swamp worm (Lair:3)
  A naga (Lair:2)
  2 hell hounds (Lair:6)
  4 water moccasins
  A black bear (Lair:4)
  5 orc warriors
  2 sky beasts
  An ice beast (D:15)
  5 wolves
  An ogre (D:9)
  A crocodile (Lair:6)
  2 centaurs
  A big kobold (D:13)
  A killer bee (D:9)
  3 wights
  A howler monkey (D:10)
  A crimson imp (D:9)
  3 bullfrog zombies
  3 lava snakes (Lair:6)
  A hound (D:5)
  4 orc wizards
  An orc priest (D:4)
  An iguana (D:9)
  A worker ant (D:14)
  A howler monkey skeleton (D:10)
  2 adders
  A shadow imp (D:10)
  2 leopard geckos
  16 orcs
  A giant cockroach (D:5)
  A hobgoblin (D:3)
  6 kobolds
  A quokka (D:9)
  11 fungi
  12 plants
208 creatures vanquished.

Vanquished Creatures (others)
  A profane servitor (Elf:2)
  A ghoul (Elf:2)
  A dancing weapon (Elf:2)
  2 skeletal warriors (D:13)
  3 flayed ghosts
  A phantasmal warrior (D:13)
  A centaur skeleton (D:15)
  A kobold demonologist (D:13)
  A spectral orc (D:14)
  A black mamba zombie (Lair:6)
  A spectral cyclops (D:13)
  10 flying skulls
  3 wraiths
  2 vampires
  3 elf zombies
  3 blink frog zombies
  A human (D:7)
  3 centaurs (D:14)
  2 elf skeletons (Elf:1)
  2 water moccasin zombies
  2 hell hound zombies (Lair:6)
  A troll zombie (Orc:2)
  A tengu zombie (D:15)
  A warg skeleton (D:15)
  2 wights
  5 wolf zombies
  2 bullfrog zombies
  4 killer bee zombies (D:9)
  A big kobold zombie (D:13)
  3 sky beast zombies
  A mummy (D:10)
  2 worker ant zombies (D:8)
  A howler monkey zombie (D:10)
  A felid zombie (D:4)
  4 orc skeletons
  An orc (D:15)
  A bat skeleton (Sewer)
  2 kobolds (D:13)
  5 kobold zombies (D:13)
  21 orc zombies
  A quokka zombie (D:9)
  3 fungi (Lair:4)
  4 plants
112 creatures vanquished.

Grand Total: 1015 creatures vanquished

Notes
Turn   | Place    | Note
-------+----------+-------------------------------------------
     0 | D:1      | Lanoc the Troll Monk began the quest for the Orb.
     0 | D:1      | Reached XP level 1. HP: 22/22 MP: 0/0
   213 | D:1      | Reached XP level 2. HP: 28/29 MP: 1/1
   571 | D:1      | Reached XP level 3. HP: 34/36 MP: 2/2
   916 | D:2      | Found a shattered altar of Ashenzari.
  1130 | D:2      | Reached skill level 4 in Unarmed Combat
  1323 | D:2      | Found a basalt altar of Yredelemnul.
  1333 | D:2      | Became a worshipper of Yredelemnul the Dark
  1333 | D:2      | Reached * piety under Yredelemnul
  1333 | D:2      | Reached ** piety under Yredelemnul
  1393 | D:2      | Reached XP level 4. HP: 44/44 MP: 3/3
  1437 | D:2      | Found a sacrificial altar of Ru.
  1804 | D:3      | Found a glowing drain.
  1930 | Sewer    | Entered a sewer
  1964 | Sewer    | Noticed Purgy
  1976 | Sewer    | Killed Purgy
  1976 | Sewer    | Reached skill level 1 in Invocations
  1976 | Sewer    | Reached XP level 5. HP: 38/53 MP: 4/4
  2166 | D:3      | Reached *** piety under Yredelemnul
  2175 | D:3      | Reached skill level 5 in Unarmed Combat
  2175 | D:3      | Reached XP level 6. HP: 61/61 MP: 6/6
  2350 | D:3      | Noticed Terence
  2359 | D:3      | Killed Terence
  2499 | D:3      | Found a white marble altar of Elyvilon.
  2770 | D:4      | Found a blossoming altar of Fedhas.
  2775 | D:4      | Found a shattered altar of Ashenzari.
  2919 | D:4      | Noticed an ice beast
  2924 | D:4      | Reached XP level 7. HP: 67/68 MP: 7/7
  2933 | D:4      | Reached skill level 6 in Unarmed Combat
  2952 | D:4      | Noticed Natasha
  2953 | D:4      | Found a staircase to the Ecumenical Temple.
  2957 | D:4      | Killed Natasha
  2987 | D:4      | Noticed Natasha
  2995 | D:4      | Killed Natasha
  2999 | D:4      | Your ally Natasha died
  3017 | D:4      | Received a gift from Yredelemnul (a wight)
  3186 | D:5      | Entered Level 5 of the Dungeon
  3231 | D:5      | Found a sand-covered staircase.
  3250 | D:5      | Reached **** piety under Yredelemnul
  3254 | Ossuary  | Entered an ossuary
  3293 | Ossuary  | Reached XP level 8. HP: 77/78 MP: 9/9
  3366 | Ossuary  | Reached skill level 7 in Unarmed Combat
  4051 | D:5      | Found a hazy altar of Hepliaklqana.
  4234 | D:6      | Reached ***** piety under Yredelemnul
  4472 | D:6      | Found a shimmering altar of Xom.
  4700 | D:6      | Reached skill level 5 in Fighting
  4700 | D:6      | Reached skill level 5 in Dodging
  4700 | D:6      | Reached skill level 8 in Unarmed Combat
  4855 | D:7      | Noticed Menkaure
  4949 | D:7      | Reached XP level 9. HP: 88/88 MP: 11/11
  4977 | D:7      | Found an ancient bone altar of Kikubaaqudgha.
  5060 | D:7      | Noticed a troll
  5134 | D:6      | You fall through a shaft!
  5272 | D:7      | Reached skill level 1 in Throwing
  5319 | D:7      | Reached skill level 1 in Armour
  5702 | D:7      | Killed Menkaure
  6431 | D:8      | Noticed a two-headed ogre
  6445 | D:8      | Killed a two-headed ogre
  6445 | D:8      | Reached skill level 9 in Unarmed Combat
  6445 | D:8      | Reached skill level 5 in Invocations
  6448 | D:8      | Received a gift from Yredelemnul (3 flying skulls)
  6948 | D:9      | Noticed a two-headed ogre
  6957 | D:9      | Received a gift from Yredelemnul (a mummy)
  6962 | D:9      | Killed a two-headed ogre
  6962 | D:9      | Reached XP level 10. HP: 48/98 MP: 12/12
  7077 | D:9      | Received a gift from Yredelemnul (a wight)
  7460 | D:9      | Noticed a two-headed ogre
  7472 | D:9      | Killed a two-headed ogre
  7739 | D:10     | Entered Level 10 of the Dungeon
  7796 | D:9      | Received a gift from Yredelemnul (2 flying skulls)
  7863 | D:10     | Found a staircase to the Orcish Mines.
  7923 | D:10     | Noticed a two-headed ogre
  7924 | D:10     | Noticed a two-headed ogre
  7931 | D:10     | Killed a two-headed ogre
  7935 | D:10     | Killed a two-headed ogre
  7935 | D:10     | Reached skill level 10 in Unarmed Combat
  7948 | D:10     | Received a gift from Yredelemnul (5 flying skulls)
  7950 | D:10     | Noticed a two-headed ogre
  7956 | D:10     | Killed a two-headed ogre
  7980 | D:10     | Got a faintly glowing spear
  7996 | D:10     | Identified the +1 spear of Ashenzari's Vengeance {pierce, +Fly Str+5} (You found it on level 10 of the Dungeon)
  8064 | D:10     | Found a staircase to the Lair.
  8280 | D:10     | Found a portal to a secret trove of treasure.
  8535 | D:11     | Received a gift from Yredelemnul (a vampire)
  8538 | D:11     | Reached XP level 11. HP: 104/107 MP: 14/14
  8579 | D:11     | Noticed Fannar
  8589 | D:11     | Killed Fannar
  8592 | D:11     | Received a gift from Yredelemnul (a wraith)
  8850 | D:11     | Noticed Josephine
  8864 | D:11     | Killed Josephine
  8865 | D:11     | Received a gift from Yredelemnul (a wraith)
  9174 | D:12     | Received a gift from Yredelemnul (a skeletal warrior)
  9182 | D:12     | Reached skill level 11 in Unarmed Combat
  9583 | D:12     | Killed an unseen horror
  9583 | D:12     | Reached skill level 5 in Throwing
  9810 | D:12     | Received a gift from Yredelemnul (a phantasmal warrior)
 10278 | D:13     | Noticed an orc knight
 10296 | D:13     | Noticed a vault guard
 10298 | D:13     | Noticed a purple ugly thing
 10392 | D:13     | Noticed a centaur warrior
 10396 | D:13     | Killed a centaur warrior
 10517 | D:13     | Noticed a sun demon
 10519 | D:13     | Noticed a soul eater
 10522 | D:13     | Reached XP level 12. HP: 106/118 MP: 16/16
 10554 | D:13     | Received a gift from Yredelemnul (a skeletal warrior)
 10590 | D:13     | Noticed a tengu warrior
 10597 | D:13     | Killed a tengu warrior
 10721 | D:13     | Noticed a centaur warrior
 10721 | D:13     | Noticed a five-headed hydra
 10757 | D:13     | Killed a centaur warrior
 10757 | D:13     | Reached skill level 5 in Armour
 11204 | D:13     | Killed a ten-headed hydra
 11383 | D:13     | Noticed a two-headed ogre
 11387 | D:13     | Killed a two-headed ogre
 11387 | D:13     | Reached skill level 12 in Unarmed Combat
 11416 | D:13     | Noticed an ogre mage
 11677 | D:14     | Received a gift from Yredelemnul (a wraith)
 11716 | D:14     | Found a flickering gateway to a bazaar.
 11727 | Bazaar   | Entered a bazaar
 11730 | Bazaar   | Found Yrghoun's Assorted Antiques.
 11771 | Bazaar   | Found Gysyxag's Armour Boutique.
 11771 | Bazaar   | Found Wellu's Weapon Shop.
 11796 | Bazaar   | Found Bereliv's Book Shop.
 11898 | D:14     | Found a labyrinth entrance.
 11902 | Lab      | Entered a labyrinth
 12250 | Lab      | Noticed a minotaur
 12256 | Lab      | Killed a minotaur
 12270 | Lab      | Got a scintillating amber ring
 12276 | Lab      | Identified the ring of Liberalism {rF+ Str-4 Int+4} (You found it in a labyrinth)
 12285 | Lab      | Identified 2 scrolls of acquirement
 12296 | Lab      | Got a slimy hat
 12307 | Lab      | Identified the -6 hat of Boredom {Int+5 Dex+2 Stlth-} (You acquired it in a labyrinth)
 12741 | D:14     | Received a gift from Yredelemnul (a flayed ghost)
 12838 | D:14     | Reached ****** piety under Yredelemnul
 13223 | D:14     | Noticed a two-headed ogre
 13226 | D:14     | Noticed a seven-headed hydra
 13385 | D:15     | Entered Level 15 of the Dungeon
 13417 | D:15     | Noticed a two-headed ogre
 13420 | D:15     | Noticed a centaur warrior
 13423 | D:15     | Killed a two-headed ogre
 13428 | D:15     | Killed a centaur warrior
 13463 | D:15     | Gained mutation: You are partially covered in slimy green scales. (AC +2) [potion of mutation]
 13463 | D:15     | Gained mutation: You have a pair of small horns on your head. [potion of mutation]
 13632 | D:15     | Reached XP level 13. HP: 124/127 MP: 18/18
 13953 | D:15     | Noticed Sonja
 13998 | D:15     | Received a gift from Yredelemnul (a ghoul)
 14022 | D:15     | Found a staircase to the Depths.
 14022 | D:15     | Killed Sonja
 14022 | D:15     | Reached skill level 13 in Unarmed Combat
 14198 | Lair:1   | Entered Level 1 of the Lair of Beasts
 14972 | Lair:2   | Found a staircase to the Snake Pit.
 15114 | Lair:2   | Received a gift from Yredelemnul (a flayed ghost)
 15215 | Lair:2   | Got a tattered robe
 15229 | Lair:2   | Identified the +1 robe of Resourcefulness {rElec rC+ Regen+} (You found it on level 2 of the Lair of Beasts)
 15809 | Lair:3   | Found a staircase to the Swamp.
 15844 | Lair:3   | Received a gift from Yredelemnul (a vampire)
 15948 | Lair:3   | Noticed Nergalle
 15964 | Lair:3   | Killed Nergalle
 16054 | Lair:3   | Noticed braks's ghost (journeyman DsNe)
 16063 | Lair:3   | Killed braks's ghost
 16147 | Lair:3   | Received a gift from Yredelemnul (a vampire knight)
 16623 | Lair:4   | Reached XP level 14. HP: 125/137 MP: 19/19
 16633 | Lair:4   | Received a gift from Yredelemnul (a vampire knight)
 17729 | Lair:6   | Entered Level 6 of the Lair of Beasts
 17755 | Lair:6   | Reached skill level 14 in Unarmed Combat
 17780 | Lair:6   | Received a gift from Yredelemnul (a vampire knight)
 17992 | Lair:6   | Found a staircase to the Slime Pits.
 18140 | Lair:6   | Received a gift from Yredelemnul (a vampire)
 18189 | Lair:6   | Found a large runed door.
 18189 | Lair:6   | Found a large runed door.
 18207 | Lair:6   | Reached skill level 1 in Shields
 18548 | Lair:6   | Received a gift from Yredelemnul (a vampire knight)
 19121 | Orc:1    | Entered Level 1 of the Orcish Mines
 19121 | Orc:1    | Found Juh Agry's Book Shoppe.
 19124 | Orc:1    | Found a roughly hewn altar of Beogh.
 19176 | Orc:1    | Found Ugetod's Weapon Shop.
 19184 | Orc:1    | Found Ilachoi's Gadget Emporium.
 19336 | Orc:2    | Entered Level 2 of the Orcish Mines
 19354 | Orc:2    | Found a staircase to the Elven Halls.
 19380 | Orc:2    | Received a gift from Yredelemnul (a flayed ghost)
 19521 | Orc:2    | Received a gift from Yredelemnul (a flayed ghost)
 20182 | Orc:2    | Noticed an orc warlord
 20202 | Orc:2    | Killed an orc warlord
 20565 | Orc:2    | Found Xipahiul's General Store.
 20566 | Orc:2    | Found Ulabee's Jewellery Boutique.
 20567 | Orc:2    | Found Leiri's Antique Armour Shop.
 20567 | Orc:2    | Found Few Paus's Antique Weapon Shop.
 20864 | Orc:2    | Paralysed by an orc sorcerer for 6 turns
 20946 | Elf:1    | Entered Level 1 of the Elven Halls
 21134 | Elf:1    | Reached XP level 15. HP: 145/148 MP: 21/21
 21189 | Elf:1    | Received a gift from Yredelemnul (a ghoul)
 21813 | Elf:1    | Received a gift from Yredelemnul (a profane servitor)
 21985 | Elf:1    | Reached skill level 15 in Unarmed Combat
 22124 | Elf:1    | Received a gift from Yredelemnul (a ghoul)
 22127 | Elf:1    | Reached skill level 10 in Invocations
 22284 | Elf:1    | Found Vacsaux's Assorted Antiques.
 22293 | Elf:1    | Bought a scroll labeled GUSUOBL TEBLU for 30 gold pieces
 22308 | Elf:1    | Received a gift from Yredelemnul (a bone dragon)
 22314 | Elf:1    | Noticed a deep elf sorcerer
 22320 | Elf:1    | Killed a deep elf sorcerer
 22913 | Elf:2    | Found Bicaif's Antique Armour Emporium.
 22998 | Elf:2    | Noticed a deep elf sorcerer
 22999 | Elf:2    | Reached skill level 10 in Dodging
 23009 | Elf:2    | Killed a deep elf sorcerer
 23015 | Elf:2    | Received a gift from Yredelemnul (a bone dragon)
 23135 | Elf:2    | Found a runed door.
 23146 | Elf:2    | Found a runed door.
 23160 | Elf:2    | Reached skill level 10 in Fighting
 23278 | Elf:2    | Noticed Louise
 23293 | Elf:2    | Reached XP level 16. HP: 112/158 MP: 22/22
 23323 | Elf:2    | Killed from afar by a deep elf knight

Vault maps used:
D:1:      dpeg_arrival_water_fire, minmay_hexomino_c4
D:2:      overflow_temple_1_default, yredelemnul_forgotten_temple_becter,
          first_ration, minmay_door_square, evilmike_ruin_ashenzari
D:3:      gup_sewer_entry_glass, serial_park_tiny_pond, elyvilon_altar_4,
          uniq_terence
D:4:      lemuel_upstairs_altar, grunt_temple_overflow_open,
          minmay_temple_entry_large_hall, uniq_natasha
D:5:      kennysheep_little_box, enter_ossuary_4
D:6:      kennysheep_mini_moat
D:7:      tgw_kikubaaqudgha, uniq_menkaure
D:10:     david_lair_shrubbed, hiddenorc1_lemuel, trove_entry_hex_spiral
D:11:     uniq_fannar, uniq_josephine
D:13:     minmay_curly_fans, grunt_vaults_entry_fortified
D:14:     statuecave_lemuel, serial_shops, bzr_firewalk, lab_entry_generic,
          hangedman_decor_lopped
D:15:     grunt_enter_depths_magical_seal, grunt_decor_fettered, uniq_sonja
Lair:1:   beast_lair_carwin_4, grunt_megastairs_1
Lair:2:   minmay_snake_entry_guardpost_small
Lair:3:   minmay_swamp_entry_worms, infiniplex_staircase_pool,
          grunt_megastairs_2, serial_bayou_shore_b, uniq_nergalle
Lair:5:   dpeg_oklob_gauntlet
Lair:6:   cheibrodos_lair_end_hotspot, slime_dummy, infiniplex_staircase_pool_2
Orc:1:    serial_shops, shop, shop, nicolae_shop_crystal, shop,
          nicolae_shop_crystal, basic_altar
Orc:2:    st_orc_congregation, special_room
Elf:1:    serial_shops, shop, hangedman_elf_represent
Elf:2:    serial_shops, shop, serial_sigils_hangedman_scar, st_stairs_11,
          uniq_louise
Lab:      labyrinth_hidden_loot, labyrinth_fake_exit,
          labyrinth_skeletal_remains, lab_block
Bazaar:   bazaar_jpeg_honeycomb
Sewer:    sewer_big_baddie
Ossuary:  ossuary_tomb_2

Skill      XL: |  1  2  3  4  5  6  7  8  9 10 11 12 13 14 15 |
---------------+----------------------------------------------+-----
Unarmed Combat | 4 5 6 8 9 10 11 12 13 14 15 | 15.6
Fighting       | 3 4 5 6 7 8 9 10 | 10.0
Dodging        | 3 4 5 6 7 8 9 10 | 10.1
Invocations    | 1 2 3 4 5 6 7 8 9 10 | 10.3
Throwing       | 2 4 5 6 7 8 9 |  9.4
Armour         | 2 3 4 5 6 7 8 |  8.6
Shields        | 2 4 |  4.3
Stealth        | |  1.0

Action                   |  1- 3 |  4- 6 |  7- 9 | 10-12 | 13-15 | 16-18 || total
-------------------------+-------+-------+-------+-------+-------+-------++-------
Melee: Unarmed           |   117 |   139 |   303 |   471 |   948 |     4 ||  1982
       Punch             |     3 |     1 |    12 |    32 |    29 |       ||    77
       Headbutt          |       |       |       |     8 |   243 |       ||   251
Throw: Tomahawk          |       |       |       |       |     3 |       ||     3
Invok: Animate Remains   |       |     4 |       |       |       |       ||     4
       Animate Dead      |       |     4 |     8 |    24 |    37 |       ||    73
       Recall Undead Sla |       |     1 |     3 |     5 |     1 |       ||    10
       Drain Life        |       |       |     1 |       |       |       ||     1
       Enslave Soul      |       |       |       |     2 |     1 |       ||     3
 Abil: Evoke Berserk Rag |       |       |       |     1 |       |       ||     1
Evoke: Wand              |       |       |       |     2 |     2 |       ||     4
  Use: Scroll            |       |    10 |     6 |     9 |    15 |     3 ||    43
       Potion            |       |       |     1 |     6 |     3 |     1 ||    11
 Stab: Distracted        |       |     1 |     1 |     9 |     8 |       ||    19
       Sleeping          |       |     3 |     5 |       |     7 |       ||    15
       Confused          |       |       |       |       |     1 |       ||     1
       Paralysed         |       |       |       |       |     2 |       ||     2
  Eat: Chunk             |    17 |    18 |    35 |    71 |   100 |       ||   241
       Ration            |       |       |     1 |       |       |       ||     1
Armor: Robe              |    37 |    30 |       |       |    64 |       ||   131
       Troll leather arm |       |    13 |    84 |   102 |    36 |       ||   235
       Skin              |       |       |       |       |     1 |       ||     1
       Fire dragon scale |       |       |       |       |   148 |     4 ||   152
Dodge: Dodged            |    57 |   101 |   176 |   269 |   368 |     3 ||   974
Block: Other             |       |       |       |       |    27 |       ||    27
       Shield            |       |       |       |       |   250 |     6 ||   256
       Reflection        |       |       |       |       |    19 |     4 ||    23

Table legend:
 A = Spawn XP
 B = Non-spawn XP
 C = Spawn XP percentage of total XP
 D = Spawn monster count
 E = Non-spawn monster count
 F = Spawn count percentage of total count
 G = Total turns spent on level
                    A         B        C        D         E        F      G
               +---------+---------+-------+---------+---------+-------+---------
         Total |       0 |  156797 |   0.0 |       0 |     880 |   0.0 | 23323
               +---------+---------+-------+---------+---------+-------+---------
           D:1 |       0 |      62 |   0.0 |       0 |      29 |   0.0 |   809
           D:2 |       0 |      44 |   0.0 |       0 |      27 |   0.0 |   970
           D:3 |       0 |     274 |   0.0 |       0 |      40 |   0.0 |   876
           D:4 |       0 |     731 |   0.0 |       0 |      31 |   0.0 |   425
           D:5 |       0 |     485 |   0.0 |       0 |      18 |   0.0 |   745
           D:6 |       0 |     493 |   0.0 |       0 |      13 |   0.0 |   625
           D:7 |       0 |    1126 |   0.0 |       0 |      18 |   0.0 |  1037
           D:8 |       0 |    1334 |   0.0 |       0 |      16 |   0.0 |  1025
           D:9 |       0 |    1897 |   0.0 |       0 |      31 |   0.0 |   940
          D:10 |       0 |    3382 |   0.0 |       0 |      36 |   0.0 |   759
          D:11 |       0 |    3328 |   0.0 |       0 |      30 |   0.0 |   683
          D:12 |       0 |    5119 |   0.0 |       0 |      44 |   0.0 |  1037
          D:13 |       0 |    9117 |   0.0 |       0 |      46 |   0.0 |  1593
          D:14 |       0 |    3216 |   0.0 |       0 |      26 |   0.0 |  1207
          D:15 |       0 |   12671 |   0.0 |       0 |      39 |   0.0 |   691
        Lair:1 |       0 |    4213 |   0.0 |       0 |      20 |   0.0 |   755
        Lair:2 |       0 |    2166 |   0.0 |       0 |      14 |   0.0 |   791
        Lair:3 |       0 |    6456 |   0.0 |       0 |      37 |   0.0 |   752
        Lair:4 |       0 |    8726 |   0.0 |       0 |      40 |   0.0 |   358
        Lair:5 |       0 |    5331 |   0.0 |       0 |      15 |   0.0 |   963
        Lair:6 |       0 |   12737 |   0.0 |       0 |      59 |   0.0 |  1253
         Orc:1 |       0 |    3507 |   0.0 |       0 |      20 |   0.0 |   687
         Orc:2 |       0 |   11186 |   0.0 |       0 |      92 |   0.0 |  1318
         Elf:1 |       0 |   34430 |   0.0 |       0 |      58 |   0.0 |  1441
         Elf:2 |       0 |   22814 |   0.0 |       0 |      44 |   0.0 |   756
           Lab |       0 |    1421 |   0.0 |       0 |       2 |   0.0 |   442
         Sewer |       0 |     143 |   0.0 |       0 |       6 |   0.0 |   106
       Ossuary |       0 |     388 |   0.0 |       0 |      29 |   0.0 |   195
               +---------+---------+-------+---------+---------+-------+---------
